 Dungeon Crawl Stone Soup version 0.26.0-16-gc1dbca0489 (webtiles) character file.

Game seed: 17130200945743140783

49 hawla the Conjurer (level 3, -1/28 HPs)
             Began as a Draconian Conjurer on Jan 17, 2021.
             Slain by a hobgoblin
             ... wielding a cursed -1 club
             ... led by Robin
              (6 damage)
             ... on level 2 of the Dungeon.
             The game lasted 00:03:55 (1363 turns).

hawla the Conjurer (Draconian Conjurer)             Turns: 1363, Time: 00:03:56

Health: -1/28      AC:  7    Str:  9    XL:     3   Next: 51%
Magic:  6/7        EV: 12    Int: 19    God:
Gold:   109        SH:  0    Dex:  9    Spells: 5/8 levels left

rFire    . . .     SeeInvis .   g - +1 whip
rCold    . . .     Faith    .   (no shield)
rNeg     . . .     Spirit   .   (armour unavailable)
rPois    .         Reflect  .   (helmet restricted)
rElec    .         Harm     .   (no cloak)
rCorr    .         Rampage  .   f - +1 pair of gloves
Will     .....                  (no boots)
Stlth    ++........             (no amulet)
HPRegen  0.09/turn              (no ring)
MPRegen  0.10/turn              (no ring)

@: hasted, very quick
A: unfitting armour, cold-blooded, AC +5
a: no special abilities


You were on level 2 of the Dungeon.
You visited 1 branch of the dungeon, and saw 2 of its levels.

You collected 109 gold pieces.

Inventory:

Hand Weapons
 e - a +0 short sword
 g - a +1 whip (weapon)
Missiles
 b - 10 poisoned darts
 d - 2 boomerangs
Armour
 f - a +1 pair of gloves (worn)
Potions
 a - a potion of cancellation
 c - a potion of haste


   Skills:
 - Level 1.0 Fighting
 - Level 2.0 Dodging
 - Level 2.0 Stealth
 + Level 3.3 Spellcasting
 - Level 4.0 Conjurations


You had 5 spell levels left.
You knew the following spells:

 Your Spells              Type           Power        Failure   Level
a - Magic Dart            Conj           72%          2%          1
b - Searing Ray           Conj           36%          4%          2

Your spell library contained the following spells:

 Spells                   Type           Power        Failure   Level
 Dazzling Flash           Conj/Hex       20%          19%         3
 Fulminant Prism          Conj/Hex       5%           54%         4
 Iskenderun's Mystic Bla  Conj/Tloc      10%          54%         4


Dungeon Overview and Level Annotations

Branches:
Dungeon (2/15)

Altars:

Annotations:
D:2 Robin


Innate Abilities, Weirdness & Mutations

Your plain brown scales are hard. (AC +5)
You cannot fit into any form of body armour.
You are cold-blooded and may be slowed by cold attacks.


Message History

You aren't carrying any pieces of jewellery.
You feel very mighty all of a sudden. Robin throws the goblin at you!
The goblin barely misses you. The hobgoblin hits you.
The goblin barely misses you. The hobgoblin barely misses you.
The goblin hits you but does no damage. The goblin closely misses you.
It was a potion of cancellation.
Your magical effects are unravelling.
You feel magically purged.
You feel a little less mighty now. The goblin barely misses you.
The hobgoblin misses you. The goblin hits you but does no damage.
The hobgoblin hits you but does no damage.
The goblin completely misses you. The goblin hits you but does no damage.
It was a potion of haste.
You feel yourself speed up. The goblin closely misses you.
The hobgoblin hits you.
* * * LOW HITPOINT WARNING * * *
The goblin hits you but does no damage.
The hobgoblin hits you with a cursed -1 club.
You die...

#######.#..†..#....
.......................
...###..####...........
######.###............
.....<.................
.########..............
###....#.#..bgg.....
............ggggg†...
....#.....#.g@ggg....
### #.##....g####....
#.......## . #####.(.#
#...# #...# #...# #####


You could see Robin, 3 hobgoblins, 8 goblins and a bat.

Vanquished Creatures
  An adder (D:2)
  A leopard gecko (D:2)
  2 orcs (D:2)
  3 giant cockroaches
  9 goblins
  A hobgoblin (D:1)
  6 kobolds
  2 ball pythons (D:1)
  6 bats
  2 frilled lizards (D:2)
  3 rats
36 creatures vanquished.

Notes
Turn   | Place    | Note
-------+----------+-------------------------------------------
     0 | D:1      | hawla the Draconian Conjurer began the quest for the Orb.
     0 | D:1      | Reached XP level 1. HP: 14/14 MP: 3/3
   151 | D:1      | Reached XP level 2. HP: 21/22 MP: 3/5
   274 | D:1      | Reached skill level 1 in Fighting
   317 | D:1      | Learned a level 2 spell: Searing Ray
   837 | D:2      | Reached XP level 3. HP: 16/28 MP: 0/7
  1355 | D:2      | Noticed Robin
  1363 | D:2      | Slain by a hobgoblin

Illustrated notes

Levels and vault maps discovered:
D:1:      shiori_arrival_maze, layout_rooms, minmay_tree_intersection,
          st_stairs_8
D:2:      layout_rooms, gammafunk_temple_overflow_statue, uniq_robin

Skill      XL: |  1  2 |
---------------+-------+-----
Stealth        | 2 |  2.0
Dodging        | 2 |  2.0
Fighting       | 1 |  1.0
Spellcasting   | 3 |  3.3
Conjurations   | |  4.0

Action                   || total
-------------------------++-------
Melee: Dagger            ||     3
       Tailslap          ||     1
       Whip              ||    19
 Cast: Magic Dart        ||    32
       Searing Ray       ||    10
  Use: Scroll            ||     4
       Potion            ||     4
Armor: Skin              ||    14
Dodge: Dodged            ||    36
